 Dungeon Crawl Stone Soup version 0.22.1-5-g62c59d9 (webtiles) character file.

3954 Mrkaede the Chopper (level 10, -1/77 HPs)
             Began as a Human Berserker on Jan 12, 2019.
             Was an Elder of Trog.
             Slain by a killer bee (4 damage)
             ... on level 9 of the Dungeon on Jan 13, 2019.
             The game lasted 00:22:14 (9190 turns).

Mrkaede the Chopper (Human Berserker)               Turns: 9190, Time: 00:22:14

Health: -1/77      AC: 15    Str: 21    XL:     10   Next: 45%
Magic:  12/12      EV:  9    Int:  7    God:    Trog [****..]
Gold:   258        SH:  5    Dex: 13    Spells: 9/9 levels left

rFire    + + .     SeeInvis +   y - +0 war axe
rCold    . . .     Gourm    .   b - +0 buckler
rNeg     + . .     Faith    .   n - +0 plate armour {rF+}
rPois    +         Spirit   .   F - +0 hat
rElec    .         Reflect  .   z - +0 cloak "Cuass" {rPois rN+ MR+}
rCorr    .         Harm     .   (no gloves)
MR       ++...                  P - +0 pair of boots
Stlth    ..........             (no amulet)
HPRegen  0.22/turn              r - ring of see invisible
MPRegen  0.13/turn              s - ring of protection from fire

@: berserk cooldown, slowed, very slow
A: magic resistance 1, wild magic 1, MP-powered wands
a: Berserk, Trog's Hand, Brothers in Arms, Renounce Religion


You were on level 9 of the Dungeon.
You worshipped Trog.
Trog was greatly pleased with you.
You were not hungry.

You visited 1 branch of the dungeon, and saw 9 of its levels.

You collected 258 gold pieces.

Inventory:

Hand Weapons
 y - a +0 war axe (weapon)
Armour
 b - a +0 buckler (worn)
 n - a +0 plate armour of fire resistance (worn)
 z - the +0 cloak "Cuass" (worn) {rPois rN+ MR+}
   (You found it on level 4 of the Dungeon)

   It protects you from poison.
   It protects you from negative energy.
   It affects your resistance to hostile enchantments.
 E - a +0 chain mail
 F - a +0 hat (worn)
 P - a +0 pair of boots (worn)
Jewellery
 r - a ring of see invisible (left hand)
 s - a ring of protection from fire (right hand)
 L - an uncursed ring of fire
Wands
 j - a wand of random effects (23)
 k - a wand of digging (8)
 o - a wand of flame (68)
 I - a wand of polymorph (23)
 K - a wand of scattershot (5)
Scrolls
 a - a scroll of torment
 e - 4 scrolls of remove curse
 i - 4 scrolls of teleportation {unknown}
 q - 2 scrolls of immolation {unknown}
 u - 3 scrolls of magic mapping {unknown}
 w - 3 scrolls of fear {unknown}
 x - 3 scrolls of random uselessness {unknown}
 A - a scroll of blinking
 C - a scroll of enchant armour
Potions
 f - a potion of curing
 g - 3 potions of magic
 l - a potion of mutation
 p - 2 potions of lignification
 t - a potion of flight
 G - a potion of cancellation
 J - a potion of brilliance {unknown}
 M - a potion of agility {unknown}
 N - a potion of haste {unknown}
 O - a potion of resistance {unknown}
Comestibles
 c - 8 rations


   Skills:
 * Level 6.9 Fighting
 * Level 6.9 Axes
 + Level 4.4 Throwing
 * Level 6.6 Armour
 * Level 6.6 Dodging
 * Level 4.2 Shields
 + Level 2.7 Evocations


You had 9 spell levels left.
You didn't know any spells.
Your spell library was empty.

Dungeon Overview and Level Annotations

Branches:
Dungeon (9/15)             Temple (0/1) D:5
   Lair: D:8-11         Orc: D:9-12

Altars:
Dithmenos
Elyvilon
Gozag
Hepliaklqana
Kikubaaqudgha
Nemelex Xobeh
Sif Muna
Uskayaw
Vehumet
Wu Jian
Zin
The Shining One

Shops:
D:5 ([*(*   D:6 (

Annotations:
D:7 1 runed door, RoboWizard's ghost, novice SpEn
D:9 Maurice


Innate Abilities, Weirdness & Mutations

You are resistant to hostile enchantments. (MR+)
Your spells are a little harder to cast, but a little more powerful.
You expend magic power (3 MP) to strengthen your wands.


Message History

* * * LOW HITPOINT WARNING * * *
You are more poisoned.
The killer bee poisons you! The killer bee stings you.
* * * LOW HITPOINT WARNING * * *
The killer bee barely misses you. x2
The killer bee stings you but does no damage.
The killer bee stings you.
* * * LOW HITPOINT WARNING * * *
The hippogriff bites you.
* * * LOW HITPOINT WARNING * * *
You block the hippogriff's attack. The hippogriff claws you.
* * * LOW HITPOINT WARNING * * *
Maurice hits you but does no damage. The killer bee closely misses you.
The killer bee barely misses you. x2
You feel better. The killer bee barely misses you. The killer bee stings you.
* * * LOW HITPOINT WARNING * * *
The killer bee stings you but does no damage. x2
The killer bee closely misses you. The killer bee barely misses you.
You block the killer bee's attack. The killer bee stings you.
You die...

........#..%.
.?..........##
.............####
.................#
.................<
......O..........#
......yy@.........
......H@......#...
......yy.......##
................#
#...........†..###
#........^#...?.#
.................#....#
.................####.##
.................## ##
..............#...##


You could see Maurice (invisible), a hippogriff, an ogre and 4 killer bees.

Vanquished Creatures
  Harold (D:8)
  A centaur skeleton (D:9)
  A hippogriff (D:8)
  3 orc warriors
  2 ice beasts
  A black bear (D:7)
  4 ogres
  A centaur (D:8)
  A crocodile (D:7)
  Blork the orc (D:4)
  2 bullfrogs (D:8)
  3 scorpions
  A killer bee (D:9)
  7 wights
  A howler monkey (D:6)
  2 crimson imps
  4 hounds
  Crazy Yiuf (D:4)
  An orc priest (D:6)
  A jelly (D:7)
  3 iguanas
  Natasha (thrice) (D:2)
  An orc wizard (D:6)
  8 worker ants
  2 hound skeletons
  A howler monkey zombie (D:5)
  A worker ant zombie (D:3)
  8 gnolls
  16 adders
  2 shadow imps
  An ooze (D:3)
  2 adder skeletons (D:7)
  A worm (D:3)
  3 dart slugs
  6 leopard geckos
  10 orcs
  2 ball pythons
  6 bats
  A bat zombie (D:1)
  7 giant cockroaches
  7 goblins
  10 hobgoblins
  9 jackals
  7 kobolds
  4 quokkas
  3 frilled lizards (D:2)
  A jackal zombie (D:1)
  3 leopard gecko skeletons
  A quokka skeleton (D:4)
  9 rats
177 creatures vanquished.

Notes
Turn   | Place    | Note
-------+----------+-------------------------------------------
     0 | D:1      | Mrkaede the Human Berserker began the quest for the Orb.
     0 | D:1      | Reached XP level 1. HP: 18/18 MP: 1/1
   108 | D:1      | Reached XP level 2. HP: 18/24 MP: 2/2
   307 | D:1      | Found a glowing golden altar of the Shining One.
   340 | D:1      | Reached XP level 3. HP: 15/29 MP: 3/3
   784 | D:2      | Noticed Natasha
   794 | D:2      | Killed Natasha
   795 | D:2      | Reached XP level 4. HP: 25/35 MP: 4/4
   798 | D:2      | Reached ** piety under Trog
   799 | D:2      | Noticed Natasha
   967 | D:2      | Killed Natasha
   967 | D:2      | Reached skill level 1 in Throwing
  1357 | D:2      | Reached XP level 5. HP: 21/41 MP: 5/5
  1390 | D:2      | Noticed Natasha
  1559 | D:2      | Killed Natasha
  2132 | D:3      | Reached XP level 6. HP: 48/48 MP: 6/6
  2258 | D:3      | Reached *** piety under Trog
  2973 | D:4      | Noticed Blork the orc
  2987 | D:4      | Killed Blork the orc
  2987 | D:4      | Reached XP level 7. HP: 14/55 MP: 7/7
  3230 | D:4      | Got a polished cloak
  3239 | D:4      | Identified the +0 cloak "Cuass" {rPois rN+ MR+} (You found
                  | it on level 4 of the Dungeon)
  3390 | D:4      | Found a sparkling altar of Nemelex Xobeh.
  3436 | D:4      | Found a runed door.
  3552 | D:4      | Noticed Crazy Yiuf
  3558 | D:4      | Killed Crazy Yiuf
  3916 | D:5      | Entered Level 5 of the Dungeon
  3924 | D:5      | Found Huky's Assorted Antiques.
  3943 | D:5      | Found Tuud's Antique Weapon Boutique.
  4072 | D:5      | Found a staircase to the Ecumenical Temple.
  4366 | D:5      | Found Kameraup's Antique Weapon Shop.
  4393 | D:5      | Found an ancient bone altar of Kikubaaqudgha.
  4469 | D:5      | Found a shadowy altar of Dithmenos.
  4469 | D:5      | Found a hide-covered altar of Uskayaw.
  4631 | D:5      | Reached XP level 8. HP: 61/61 MP: 8/8
  4670 | D:5      | Found Odeim's Assorted Antiques.
  4678 | D:5      | Reached skill level 5 in Fighting
  4678 | D:5      | Reached skill level 5 in Axes
  4776 | D:5      | Found Lulibrin's Antique Armour Shop.
  5037 | D:6      | Gained mutation: You are resistant to hostile enchantments.
                  | (MR+) [potion of mutation]
  5037 | D:6      | Gained mutation: You expend magic power (3 MP) to
                  | strengthen your wands. [potion of mutation]
  5037 | D:6      | Gained mutation: Your spells are a little harder to cast,
                  | but a little more powerful. [potion of mutation]
  5303 | D:6      | Found an ornate altar of the Wu Jian Council.
  5303 | D:6      | Found an opulent altar of Gozag.
  5304 | D:6      | Found a hazy altar of Hepliaklqana.
  5535 | D:6      | Reached skill level 5 in Dodging
  5536 | D:6      | Reached **** piety under Trog
  5544 | D:6      | Reached skill level 5 in Armour
  5547 | D:6      | Reached skill level 1 in Shields
  5822 | D:6      | Found Yweducue's Weapon Emporium.
  5902 | D:6      | Reached XP level 9. HP: 36/68 MP: 9/9
  6340 | D:7      | Reached skill level 1 in Evocations
  6628 | D:7      | Noticed RoboWizard's ghost (novice SpEn)
  6629 | D:7      | Found a runed door.
  7078 | D:8      | Found a deep blue altar of Sif Muna.
  7582 | D:8      | Noticed a hippogriff
  7590 | D:8      | Killed a hippogriff
  8199 | D:8      | Found a glowing silver altar of Zin.
  8201 | D:8      | Found a glowing golden altar of the Shining One.
  8202 | D:8      | Found a white marble altar of Elyvilon.
  8556 | D:9      | Noticed Harold
  8557 | D:9      | Found a radiant altar of Vehumet.
  8869 | D:9      | Reached XP level 10. HP: 61/77 MP: 11/11
  8889 | D:8      | Killed Harold
  9167 | D:9      | Noticed Maurice
  9189 | D:9      | HP: 1/77 [hippogriff (5)]
  9190 | D:9      | Slain by a killer bee

Skill      XL: |  1  2  3  4  5  6  7  8  9 10 |
---------------+-------------------------------+-----
Throwing       | 1 2 3 4 |  4.4
Dodging        | 3 4 5 6 |  6.6
Armour         | 3 4 5 6 |  6.6
Fighting       | 4 5 6 |  6.9
Axes           | 4 5 6 |  6.9
Shields        | 1 3 4 |  4.2
Evocations     | 2 |  2.7

Action                   |  1- 3 |  4- 6 |  7- 9 | 10-12 || total
-------------------------+-------+-------+-------+-------++-------
Melee: Hand axe          |    51 |   203 |       |       ||   254
       War axe           |       |       |   404 |    39 ||   443
Throw: Tomahawk          |       |       |     3 |       ||     3
Invok: Berserk           |     1 |     3 |     8 |     1 ||    13
       Trog's Hand       |       |       |     2 |       ||     2
  Use: Scroll            |       |       |    17 |       ||    17
       Potion            |       |       |     2 |     3 ||     5
  Eat: Ration            |       |     2 |     2 |     1 ||     5
       Chunk             |       |     6 |    18 |       ||    24
Armor: Animal skin       |    11 |       |       |       ||    11
       Ring mail         |    18 |    72 |       |       ||    90
       Chain mail        |       |       |   163 |       ||   163
       Scale mail        |       |       |    13 |       ||    13
       Plate armour      |       |       |    41 |    55 ||    96
Dodge: Dodged            |    47 |   154 |   216 |    57 ||   474
Block: Buckler           |       |       |    53 |    25 ||    78
